 Dungeon Crawl Stone Soup version 0.26.0-16-gc1dbca0489 (webtiles) character file.

Game seed: 17974080629166376767

350 hawla the Conjurer (level 6, 0/47 HPs)
             Began as a Draconian Conjurer on Jan 21, 2021.
             Slain by a centaur (3 damage)
             ... on level 4 of the Dungeon.
             The game lasted 00:09:17 (4522 turns).

hawla the Conjurer (Draconian Conjurer)             Turns: 4522, Time: 00:09:18

Health: 0/47       AC: 10    Str:  9    XL:     6   Next: 33%
Magic:  6/12       EV: 12    Int: 20    God:
Gold:   164        SH:  0    Dex: 10    Spells: 6/13 levels left

rFire    . . .     SeeInvis .   o - +4 hand axe of Luivonn {speed, Stlth+}
rCold    . . .     Faith    .   (no shield)
rNeg     . . .     Spirit   .   (armour unavailable)
rPois    .         Reflect  .   (helmet restricted)
rElec    .         Harm     .   (no cloak)
rCorr    .         Rampage  .   k - +0 pair of gloves
Will     .....                  j - +2 pair of boots
Stlth    +++.......             (no amulet)
HPRegen  0.15/turn              (no ring)
MPRegen  0.13/turn              (no ring)

@: brilliant, very slightly contaminated
A: unfitting armour, cold-blooded, AC +6
a: no special abilities


You were on level 4 of the Dungeon.
You visited 1 branch of the dungeon, and saw 4 of its levels.

You collected 164 gold pieces.

Inventory:

Hand Weapons
 o - the +4 hand axe of Luivonn (weapon) {speed, Stlth+}
   (You found it on level 4 of the Dungeon)

   Attacks with this weapon are significantly faster.
   It makes you more stealthy.
Missiles
 c - 15 poisoned darts
Armour
 j - a +2 pair of boots (worn)
 k - a +0 pair of gloves (worn)
Magical Staves
 m - an uncursed staff of poison
Jewellery
 l - an uncursed amulet of guardian spirit
Scrolls
 a - 2 scrolls of fear {unknown}
 b - 2 scrolls of teleportation
 e - a scroll of amnesia
 f - a scroll of enchant weapon
 n - a scroll of identify
 p - a scroll of enchant armour
Potions
 d - a potion of brilliance
 g - a potion of curing
 h - 2 potions of might {unknown}
 i - a potion of magic {unknown}
 q - 3 potions of heal wounds {unknown}
 r - a potion of mutation {unknown}


   Skills:
 - Level 1.0 Fighting
 + Level 0.9 Staves
 - Level 2.0 Dodging
 - Level 2.0 Stealth
 + Level 4.2 Spellcasting
 * Level 5.1 Conjurations
 * Level 2.8 Translocations


You had 6 spell levels left.
You knew the following spells:

 Your Spells              Type           Power        Failure   Level
a - Magic Dart            Conj           100%         1%          1
b - Searing Ray           Conj           74%          2%          2
c - Iskenderun's Mystic   Conj/Tloc      30%          24%         4

Your spell library contained the following spells:

 Spells                   Type           Power        Failure   Level
 Dazzling Flash           Conj/Hex       42%          13%         3
 Fulminant Prism          Conj/Hex       10%          41%         4


Dungeon Overview and Level Annotations

Branches:
Dungeon (4/15)
 Temple: D:4-7

Altars:


Innate Abilities, Weirdness & Mutations

Your plain brown scales are hard. (AC +6)
You cannot fit into any form of body armour.
You are cold-blooded and may be slowed by cold attacks.


Message History

You see here a manual of Throwing.
It was a potion of brilliance.
You feel clever all of a sudden.
The centaur hits you but does no damage.
The centaur hits you with a cursed +0 shortbow.
* * * LOW HITPOINT WARNING * * *
The centaur misses you.
It was a potion of curing.
You feel better. The centaur closely misses you. The centaur hits you.
* * * LOW HITPOINT WARNING * * *
Casting: Iskenderun's Mystic Blast (quite dangerous; 24% risk of failure)
Confirm with . or Enter, or press ? or * to list all spells.
The spell is quite dangerous to cast (24% risk of failure)!
Continue anyway?
You feel a surge of power!
You miscast Iskenderun's Mystic Blast.
You are very lightly contaminated with residual magic.
Nothing appears to happen.
The centaur hits you with a cursed +0 shortbow.
* * * LOW HITPOINT WARNING * * *
The centaur hits you.
You die...

.. .. .###..# #######
................ .....
......... .... .........
##.##.........
..##...##........
..#.#c(.#........
...#@#..........
#.c.#.#........ .#
##...##...(.... ..
...##.##......... ..
.................. ..
.....##+#.......... ..
................... ..
........................
.....(..................


You could see 2 centaurs.

Vanquished Creatures
  An ogre (D:4)
  A scorpion (D:4)
  6 gnolls
  8 adders
  An ooze (D:2)
  2 worms
  3 dart slugs (D:2)
  2 leopard geckos
  2 orcs (D:3)
  3 giant cockroaches
  12 goblins
  7 hobgoblins
  2 jackals (D:1)
  2 quokkas (D:2)
  3 ball pythons
  5 bats
  7 frilled lizards
  3 kobolds
  7 rats
77 creatures vanquished.

Vanquished Creatures (others)
  A plant (D:1)
1 creature vanquished.

Grand Total: 78 creatures vanquished

Notes
Turn   | Place    | Note
-------+----------+-------------------------------------------
     0 | D:1      | hawla the Draconian Conjurer began the quest for the Orb.
     0 | D:1      | Reached XP level 1. HP: 14/14 MP: 3/3
   374 | D:1      | Reached skill level 1 in Fighting
   374 | D:1      | Reached XP level 2. HP: 6/23 MP: 0/5
   621 | D:1      | Learned a level 2 spell: Searing Ray
  1509 | D:2      | Reached XP level 3. HP: 28/28 MP: 2/7
  1787 | D:2      | Found a faded altar of an unknown god.
  1910 | D:2      | Reached XP level 4. HP: 35/35 MP: 3/9
  1915 | D:2      | Learned a level 4 spell: Iskenderun's Mystic Blast
  2472 | D:2      | Reached skill level 1 in Translocations
  2943 | D:3      | Reached XP level 5. HP: 26/40 MP: 1/11
  4344 | D:4      | Identified the +4 hand axe of Luivonn {speed, Stlth+} (You
                  | found it on level 4 of the Dungeon)
  4405 | D:4      | Noticed an ogre
  4410 | D:4      | Killed an ogre
  4411 | D:4      | Reached XP level 6. HP: 47/47 MP: 5/12
  4425 | D:4      | Reached skill level 5 in Conjurations
  4522 | D:4      | Slain by a centaur

Illustrated notes

Levels and vault maps discovered:
D:1:      roderic_crop_circles_arrival_small, layout_loops_corners
D:2:      minmay_angry_zag, layout_loops_ring, chequers_ecumenical_altar_simple
D:3:      wad_river_or_something, layout_basic, hangedman_decor_diamond_cutter,
          hex_medium, minmay_close_crescents
D:4:      layout_gridville, minmay_manual_mares

Skill      XL: |  1  2  3  4  5  6 |
---------------+-------------------+-----
Stealth        | 2 |  2.0
Dodging        | 2 |  2.0
Fighting       | 1 |  1.0
Spellcasting   | 3 4 |  4.2
Translocations | 1 2 |  2.8
Conjurations   | 5 |  5.1
Staves         | |  0.9

Action                   |  1- 3 |  4- 6 || total
-------------------------+-------+-------++-------
Melee: Unarmed           |    27 |    13 ||    40
       Tailslap          |     4 |       ||     4
       Halberd           |       |     6 ||     6
       Hand axe          |       |    11 ||    11
 Cast: Magic Dart        |    26 |    44 ||    70
       Searing Ray       |    13 |    18 ||    31
       Iskenderun's Myst |       |     2 ||     2
  Use: Scroll            |     4 |     7 ||    11
       Potion            |       |     2 ||     2
Armor: Skin              |     7 |    13 ||    20
Dodge: Dodged            |    20 |    26 ||    46
